 Dungeon Crawl Stone Soup version 0.25.0-9-g26727b657a (webtiles) character file.

Game seed: 5393215986433062419

513 Exodus22XD the Poker (level 7, -1/52 HPs)
             Began as a Demonspawn Gladiator on June 21, 2020.
             Was a Follower of Uskayaw.
             Slain by an ogre
             ... wielding a +0 giant spiked club
              (16 damage)
             ... on level 5 of the Dungeon.
             The game lasted 00:10:16 (5343 turns).

Exodus22XD the Poker (Demonspawn Gladiator)         Turns: 5343, Time: 00:10:16

Health: -1/52      AC:  9    Str: 17    XL:     7   Next: 0%
Magic:  0/8        EV: 10    Int:  9    God:    Uskayaw [*.....]
Gold:   158        SH:  0    Dex: 14    Spells: 6/6 levels left

rFire    + . .     SeeInvis .   a - +0 trident
rCold    x . .     Gourm    .   (no shield)
rNeg     . . .     Faith    .   j - +0 ring mail (curse)
rPois    .         Spirit   +   c - +0 helmet
rElec    .         Reflect  .   o - scarf {+Inv}
rCorr    .         Harm     .   (no gloves)
MR       .....                  r - +0 pair of boots
Stlth    ..........             (no amulet)
HPRegen  0.17/turn              i - ring of attention (curse)
MPRegen  0.11/turn              p - ring of fire

@: very heavily drained
A: iridescent scales 1, magic shield
a: Stomp, Renounce Religion, Evoke Invisibility


You were on level 5 of the Dungeon.
You worshipped Uskayaw.
Uskayaw was noncommittal.
You were not hungry.

You visited 2 branches of the dungeon, and saw 6 of its levels.
You also visited: Sewer.

You collected 186 gold pieces.
You spent 28 gold pieces at shops.

Inventory:

Hand Weapons
 a - a +0 trident (weapon)
Missiles
 d - 3 throwing nets (quivered)
Armour
 b - a +0 leather armour
 c - a +0 helmet (worn)
 j - a cursed +0 ring mail (worn)
 o - a scarf of invisibility (worn)
 r - a +0 pair of boots (worn)
 s - a +0 scale mail
Jewellery
 i - a cursed ring of attention (left hand)
 p - a ring of fire (right hand)
Scrolls
 h - 6 scrolls of enchant armour
 k - 3 scrolls of remove curse
 u - a scroll of noise {unknown}
 v - 2 scrolls of enchant weapon {unknown}
 w - a scroll of identify
Potions
 e - 2 potions of magic
 g - a potion of lignification
 l - 3 potions of cancellation
 n - a potion of brilliance {unknown}
 q - 3 potions of curing {unknown}
 t - a potion of stabbing {unknown}
 x - 3 potions of flight {unknown}
 z - a potion of heal wounds
Comestibles
 f - 8 rations


   Skills:
 + Level 3.2(0.0) Fighting
 + Level 5.0(0.9) Polearms
 - Level 1.7(0.0) Throwing
 + Level 2.3(0.0) Armour
 + Level 3.4(0.0) Dodging
 + Level 1.0(0.0) Stealth
 * Level 1.7(0.0) Invocations
 * Level 2.3(0.0) Evocations


You had 6 spell levels left.
You didn't know any spells.
Your spell library contained the following spells:

 Spells                   Type           Power        Failure   Level  Hunger
 Confusing Touch          Hex            #.......     92%         3    ####...
 Gell's Gravitas          Tloc           #.........   92%         3    ####...
 Petrify                  Tmut/Erth      #.......     100%        4    #####..
 Metabolic Englaciation   Hex/Ice        #.........   100%        5    ######.
 Yara's Violent Unravell  Hex/Tmut       #.........   100%        5    ######.


Dungeon Overview and Level Annotations

Branches:
Dungeon (5/15)             Temple (1/1) D:4           Sewer (visited)

Altars:
Ashenzari
Cheibriados
Dithmenos
Elyvilon
Fedhas
Hepliaklqana
Kikubaaqudgha
Makhleb
Nemelex Xobeh
Okawaru
Qazlal
Ru
Sif Muna
Trog
Uskayaw
Wu Jian
Xom
Yredelemnul
Zin
The Shining One

Shops:
D:4 ?

Annotations:
D:5 Dowan, Duvessa, Edmund


Innate Abilities, Weirdness & Mutations

You are partially covered in iridescent scales. (AC +2)
When hurt, damage is shared between your health and your magic reserves.


Message History

An ogre comes into view. It is wielding a +0 giant spiked club.
Found 10 gold pieces.
As you read the scroll of teleportation, it crumbles to dust.
You feel strangely unstable.
The ogre shouts!
Dowan hits you but does no damage.
Found a long sword.
You see here 11 gold pieces.
Found 14 gold pieces.
Duvessa shouts!
Duvessa hits you but does no damage. The worker ant misses you.
Your surroundings seem slightly different.
Dowan gestures wildly while chanting.
Dowan blinks!
Found a buckler.
Found a stone staircase leading up.
Duvessa says, "When magic and the sword combine, nothing stands against them."
There is a stone staircase leading up here.
The ogre hits you with a +0 giant spiked club!!
You die...

#### ##..# ###...# ##.
#.....####....
#.....#.......
#....@........
###.##O##..#.
##.....a#..####
......as........# ###
####.###.##.#.##.#.###.#
###.###e##.#.##...#....
.............##........
#.###.##.#.#.##..[.....
..........#...........


You could see Duvessa, an ogre, a scorpion and a worker ant.

Vanquished Creatures
  Grinder (D:5)
  A big kobold (Sewer)
  An iguana (D:5)
  Terence (D:2)
  A worker ant (D:3)
  5 adders
  A gnoll (D:1)
  A river rat (Sewer)
  A shadow imp (D:5)
  An ooze (D:2)
  4 worms
  2 dart slugs
  A leopard gecko (D:1)
  8 orcs (D:3)
  4 giant cockroaches
  9 goblins
  4 hobgoblins
  9 jackals
  A quokka (D:2)
  3 ball pythons
  5 bats
  4 frilled lizards
  11 kobolds
  8 rats
87 creatures vanquished.

Notes
Turn   | Place    | Note
-------+----------+-------------------------------------------
     0 | D:1      | Exodus22XD the Demonspawn Gladiator began the quest for the
                  | Orb.
     0 | D:1      | Reached XP level 1. HP: 16/16 MP: 1/1
   239 | D:1      | Reached skill level 3 in Polearms
   243 | D:1      | Gained mutation: You are partially covered in iridescent
                  | scales. (AC +2) [demonic ancestry]
   243 | D:1      | Reached XP level 2. HP: 21/22 MP: 2/2
   600 | D:1      | Gained mutation: When hurt, damage is shared between your
                  | health and your magic reserves. [demonic ancestry]
   600 | D:1      | Reached XP level 3. HP: 16/27 MP: 3/3
  1154 | D:2      | Reached skill level 1 in Armour
  1559 | D:2      | Reached XP level 4. HP: 22/34 MP: 2/4
  1826 | D:2      | Noticed Terence
  1846 | D:2      | Killed Terence
  1980 | D:3      | Reached skill level 4 in Polearms
  1980 | D:3      | Reached skill level 1 in Evocations
  2366 | D:3      | Reached XP level 5. HP: 36/39 MP: 5/5
  3111 | D:4      | Found a staircase to the Ecumenical Temple.
  3118 | Temple   | Entered the Ecumenical Temple
  3157 | Temple   | Became a worshipper of Uskayaw the Reveler
  3327 | D:4      | Found a sacrificial altar of Ru.
  3364 | D:4      | Found Zaodar's Magic Scroll Shop.
  3371 | D:4      | Bought a scroll of identify for 28 gold pieces
  3491 | D:4      | Reached * piety under Uskayaw
  3648 | D:4      | Found a glowing drain.
  3655 | D:4      | Reached ** piety under Uskayaw
  3678 | Sewer    | Entered a sewer
  3773 | Sewer    | Reached XP level 6. HP: 34/47 MP: 7/7
  3779 | Sewer    | Reached *** piety under Uskayaw
  3891 | Sewer    | Found a white marble altar of Elyvilon.
  3947 | D:4      | Found a shadowy altar of Dithmenos.
  4769 | D:5      | Entered Level 5 of the Dungeon
  4877 | D:5      | Noticed Grinder
  4888 | D:5      | Paralysed by Grinder for 5 turns
  4902 | D:5      | Killed Grinder
  4902 | D:5      | Reached skill level 5 in Polearms
  4902 | D:5      | Reached skill level 1 in Stealth
  4902 | D:5      | Reached skill level 1 in Invocations
  4902 | D:5      | Reached XP level 7. HP: 3/52 MP: 1/8
  5235 | D:5      | Found a shattered altar of Ashenzari.
  5235 | D:5      | Found a shadowy altar of Dithmenos.
  5269 | D:5      | Noticed Edmund
  5325 | D:5      | Noticed Dowan
  5325 | D:5      | Noticed Duvessa
  5343 | D:5      | Slain by an ogre

Illustrated notes

Levels and vault maps discovered:
D:1:      lightli_arrival_windingriver, layout_loops_ring
D:2:      layout_loops_ring, uniq_terence
D:3:      layout_basic
D:4:      layout_layer_cave, nicolae_ru_awakened_eye, temple_green,
          first_ration, cheibrodos_sewer_entry_sluice, serial_shops,
          nicolae_shop_stone, grunt_dithmenos_smoke
D:5:      layout_cave_pools, gammafunk_temple_overflow_wave,
          minmay_diced_spiral, uniq_duvessa, uniq_grinder, uniq_edmund
Temple:   minmay_crystal_spiral_temple

Skill      XL: |  1  2  3  4  5  6 |
---------------+-------------------+-----
Polearms       | 3 4 5 |  5.0
Dodging        | 3 |  3.4
Armour         | 1 2 |  2.3
Evocations     | 1 2 |  2.3
Fighting       | 3 |  3.2
Stealth        | 1 |  1.0
Invocations    | 1 |  1.7
Throwing       | |  1.7

Action                   |  1- 3 |  4- 6 |  7- 9 || total
-------------------------+-------+-------+-------++-------
Melee: Trident           |   156 |   239 |    21 ||   416
  Use: Scroll            |       |     6 |     2 ||     8
 Stab: Paralysed         |       |     1 |       ||     1
  Eat: Chunk             |     2 |    10 |       ||    12
       Ration            |       |       |     1 ||     1
Armor: Leather armour    |    23 |       |       ||    23
       Ring mail         |    35 |    83 |     5 ||   123
Dodge: Dodged            |   114 |   146 |     8 ||   268
